 Dungeon Crawl Stone Soup version 0.29.0-4-gdea44cf6ec (webtiles) character file.

Game seed: 9997174682332185778

23 qw the Firebug (level 2, 0/23 HPs)
             Began as a Ghoul Fire Elementalist on Aug 29, 2022.
             Slain by an orc wizard
             ... wielding a +0 dagger
              (2 damage)
             ... on level 2 of the Dungeon.
             The game lasted 00:00:59 (1712 turns).

qw the Firebug (Ghoul Fire Elementalist)            Turns: 1712, Time: 00:01:00

Health: 0/23       AC:  6    Str: 11    XL:     2   Next: 95%
Magic:  3/3        EV: 10    Int: 10    God:
Gold:   31         SH:  0    Dex:  9    Spells: 3/4 levels left

rFire   . . .      SeeInvis .     - Unarmed
rCold   + . .      Faith    .   (no shield)
rNeg    + + +      Spirit   .   d - +0 ring mail
rPois   inf        Reflect  .   f - +0 helmet
rElec   .          Harm     .   (no cloak)
rCorr   .          Rampage  .   (no gloves)
Will    .....                   (no boots)
Stlth   ..........              (no amulet)
HPRegen 0.00/turn               (no ring)
MPRegen 0.08/turn               (no ring)

@: confused, inhibited regen
A: claws 1, cold resistance 1, negative energy resistance 3, inhibited
regeneration, torment resistance 2, devour on kill
a: no special abilities


You were on level 2 of the Dungeon.
You visited 1 branch of the dungeon, and saw 2 of its levels.

You collected 31 gold pieces.


Innate Abilities, Weirdness & Mutations

You are immune to poison.
You have sharp fingernails.
Your flesh is cold resistant. (rC+)
You are immune to negative energy. (rN+++)
You do not regenerate when monsters are visible.
You are immune to unholy pain and torment.
You thrive by killing the living.


   Skills:
 - Level 1.3 Fighting
 - Level 1.7 Dodging
 - Level 2.1 Stealth
 + Level 2.2 Unarmed Combat
 - Level 1.7 Spellcasting
 - Level 0.7 Conjurations
 - Level 2.4 Fire Magic


You had 3 spell levels left.
You knew the following spells:

 Your Spells              Type           Power      Damage    Failure   Level
a - Foxfire               Conj/Fire      16%        2x1d4     38%         1

Your spell library contained the following spells:

 Spells                   Type           Power      Damage    Failure   Level
 Scorch                   Fire           10%        2d5       41%         2
 Conjure Flame            Conj/Fire      4%         6-21      77%         3
 Inner Flame              Hex/Fire       3%         N/A       82%         3
 Flame Wave               Conj/Fire      4%         2d5       99%         4

Inventory:

Armour
 d - a +0 ring mail (worn)
 f - a +0 helmet (worn)
Potions
 e - a potion of brilliance {unknown}
 h - a potion of haste {unknown}
 i - a potion of curing {unknown}
 l - a potion of heal wounds {unknown}

Dungeon Overview and Level Annotations

Branches:
Dungeon (2/15)

Altars:


Message History

The orc attacks as you move away! The orc hits you with a +0 dagger.
The orc wizard attacks as you move away!
The orc wizard hits you but does no damage.
You barely miss the orc wizard.
The orc wizard is severely wounded.
The orc barely misses you.
The orc wizard hits you but does no damage.
You bump into the rock wall.
You feel less confused. The orc barely misses you.
The orc wizard casts a spell at you.
You are confused.
You bump into the rock wall.
The orc hits you with a +0 dagger.
The orc wizard gestures at you while chanting.
The magic dart hits you but does no damage.
The orc wizard attacks as you move away!
The orc wizard misses you. The orc hits you but does no damage.
You barely miss the orc wizard.
The orc wizard is severely wounded.
The orc hits you but does no damage. The orc wizard casts a spell at you.
You are more confused.
You miss the orc wizard.
The orc wizard is severely wounded.
You're too confused to move!
The orc hits you but does no damage.
The orc wizard points at you and mumbles some strange words.
The puff of flame hits you.
You closely miss the orc wizard.
The orc wizard is severely wounded.
The orc barely misses you. The orc wizard misses you.
The orc hits you but does no damage.
You see here a dark potion.
You scratch the orc wizard.
The orc wizard is severely wounded.
The orc closely misses you.
The orc wizard hits you with a +0 dagger.
You die...

##.....#.....###.# ##%####
#.............##.###<.....
...............#....%.####
..................###..#
...............#.#####.#
..............).....# .#
........|......#.##.....
#.......o.....##.# ##.#.
##.....#o@...###.# ...#
############# #.# .. # #.#
#.# .#


You could see an orc wizard and an orc.

Vanquished Creatures
  A dart slug (D:1)
  An orc (D:2)
  A ball python (D:1)
  3 bats (D:1)
  An endoplasm (D:1)
  2 goblins (D:1)
  A hobgoblin (D:1)
  2 jackals
  2 kobolds (D:1)
  A quokka (D:1)
  A frilled lizard (D:2)
16 creatures vanquished.

Vanquished Creatures (others)
  3 plants (D:1)
3 creatures vanquished.

Grand Total: 19 creatures vanquished

Notes
Turn   | Place    | Note
-------+----------+-------------------------------------------
     0 | D:1      | qw the Ghoul Fire Elementalist began the quest for the Orb.
     0 | D:1      | Reached XP level 1. HP: 14/14 MP: 2/2
     0 | D:1      | 0 ||| qw: Version: 0.1-a-90-g952f4b7
     0 | D:1      | 0 ||| qw: Game counter: 3954
     0 | D:1      | 0 ||| qw: Always use a shield: true
     0 | D:1      | 0 ||| qw: God list: Okawaru
     0 | D:1      | 0 ||| qw: Allow faded altars: false
     0 | D:1      | 0 ||| qw: Do Orc after D:15 true
     0 | D:1      | 0 ||| qw: Do second Lair branch before Depths: true
     0 | D:1      | 0 ||| qw: Lair rune preference: random
     0 | D:1      | 0 ||| qw: Plans: Normal
     0 | D:1      | 0 ||| PLANNING D:1-11
   283 | D:1      | Reached skill level 1 in Unarmed Combat
   478 | D:1      | 478 ||| Stepping ~*~*~tactically~*~*~ (hiding).
   581 | D:1      | 581 ||| Stepping ~*~*~tactically~*~*~ (hiding).
   683 | D:1      | 683 ||| Stepping ~*~*~tactically~*~*~ (hiding).
   785 | D:1      | 785 ||| Stepping ~*~*~tactically~*~*~ (hiding).
   887 | D:1      | 887 ||| Stepping ~*~*~tactically~*~*~ (hiding).
   930 | D:1      | 930 ||| Stepping ~*~*~tactically~*~*~ (stealth).
   931 | D:1      | 931 ||| Stepping ~*~*~tactically~*~*~ (hiding).
   938 | D:1      | Reached XP level 2. HP: 21/22 MP: 3/3
   942 | D:1      | Reached skill level 1 in Fighting
  1100 | D:1      | Found a faded altar of an unknown god.
  1490 | D:1      | 1490 ||| UPGRADING to +0 ring mail.
  1500 | D:1      | 1500 ||| DROPPING +0 robe.
  1501 | D:1      | 1501 ||| UPGRADING to +0 helmet.
  1506 | D:1      | 1506 ||| READING scroll labelled UMAUS GOUP SUAH.
  1507 | D:1      | 1507 ||| READING scroll labelled YQERCHIF NOAFF.
  1508 | D:1      | 1508 ||| READING scroll labelled SIOGALYTIF.
  1509 | D:1      | 1509 ||| READING scroll labelled EXZUZY IMIQECS.
  1510 | D:1      | 1510 ||| DROPPING potion of magic.
  1544 | D:2      | 1544 ||| STAIRDANCE
  1636 | D:2      | 1636 ||| Stepping ~*~*~tactically~*~*~ (stealth).
  1637 | D:2      | 1637 ||| Stepping ~*~*~tactically~*~*~ (stealth).
  1705 | D:2      | HP: 5/23 [orc/+0 dagger (2)]
  1709 | D:2      | HP: 2/23 [orc wizard/puff of flame (3)]
  1712 | D:2      | Slain by an orc wizard

Levels and vault maps discovered:
D:1:      denvon_arrival_hothouse, layout_basic,
          hellmonk_ecumenical_altar_run_dry, serial_forest,
          infiniplex_forest_clump_curved, infiniplex_forest_lined_4_way,
          infiniplex_forest_lined_2, infiniplex_forest_lined_2,
          infiniplex_forest_join, infiniplex_forest_clump_diagonal
D:2:      layout_rooms, basic_altar, st_stairs_12, chequers_serial_rivers_room_a

Skill      XL: |  1  2 |
---------------+-------+-----
Unarmed Combat | 1 2 |  2.2
Fighting       | 1 |  1.3
Dodging        | |  1.7
Stealth        | |  2.1
Spellcasting   | |  1.7
Conjurations   | |  0.7
Fire Magic     | |  2.4

Action                   || total
-------------------------++-------
Melee: Unarmed           ||    85
       Punch             ||     1
  Use: Scroll            ||     4
 Stab: Sleeping          ||     1
Armor: Robe              ||    16
       Ring mail         ||    20
Dodge: Dodged            ||    54

Table legend:
 A = Non-vault XP
 B = Vault XP
 C = Vault XP percentage of total XP
 D = Non-vault monster count
 E = Vault monster count
 F = Vault count percentage of total count
                 A         B        C        D         E       F
            +---------+---------+-------+---------+---------+-------
      Total |      33 |       0 |   0.0 |      16 |       0 |   0.0
            +---------+---------+-------+---------+---------+-------
        D:1 |      27 |       0 |   0.0 |      13 |       0 |   0.0
        D:2 |       6 |       0 |   0.0 |       3 |       0 |   0.0
            +---------+---------+-------+---------+---------+-------
